 Dungeon Crawl Stone Soup version 0.22.1-1-ga44c0e56f4 (webtiles) character file.

2972 Cykl0x the Cleaver (level 9, 0/55 HPs)
             Began as a Gargoyle Fighter on Oct 23, 2018.
             Was a Believer of Uskayaw.
             Slain by a two-headed ogre
             ... wielding a +0 giant club
              (5 damage)
             ... on level 8 of the Dungeon.
             The game lasted 00:23:33 (5339 turns).

Cykl0x the Cleaver (Gargoyle Fighter)               Turns: 5339, Time: 00:23:34

Health: 0/55       AC: 26    Str: 23    XL:     9   Next: 82%
Magic:  9/9        EV:  7    Int:  8    God:    Uskayaw [**....]
Gold:   172        SH: 11    Dex: 10    Spells: 8/8 levels left

rFire    x . .     SeeInvis .   a - +1 war axe
rCold    + . .     Gourm    .   c - +1 shield
rNeg     + . .     Faith    .   o - +0 chain mail
rPois    ∞         Spirit   .   (no helmet)
rElec    +         Reflect  .   l - +0 cloak
rCorr    .         Harm     .   i - +0 pair of gloves
MR       .....                  k - +2 pair of boots
Stlth    ..........             (no amulet)
HPRegen  0.18/turn              m - +4 ring of protection
MPRegen  0.11/turn              u - ring of ice

@: no status effects
A: negative energy resistance 1, electricity resistance, unbreathing,
petrification resistance, rot immunity, AC +6
a: Stomp, Line Pass, Renounce Religion


You were on level 8 of the Dungeon.
You worshipped Uskayaw.
Uskayaw was noncommittal.
You were not hungry.

You visited 2 branches of the dungeon, and saw 9 of its levels.

You collected 282 gold pieces.
You spent 110 gold pieces at shops.

Inventory:

Hand Weapons
 a - a +1 war axe (weapon)
Missiles
 w - 7 tomahawks (quivered)
Armour
 c - a +1 shield (worn)
 i - a +0 pair of gloves (worn)
 k - a +2 pair of boots (worn)
 l - a +0 cloak (worn)
 o - a +0 chain mail (worn)
Jewellery
 m - a +4 ring of protection (left hand)
 u - a ring of ice (right hand)
Wands
 b - a wand of paralysis (13)
 h - a wand of acid (5)
 A - a wand of flame (18)
Scrolls
 g - 2 scrolls of remove curse
 s - a scroll of blinking
 t - a scroll of fear
 y - 2 scrolls of identify
Potions
 d - a potion of might
 e - 2 potions of agility
 j - 4 potions of cancellation {unknown}
 n - a potion of brilliance {unknown}
 p - a potion of curing {unknown}
 q - 3 potions of invisibility {unknown}
 r - a potion of degeneration {unknown}
 v - 5 potions of heal wounds
 x - a potion of resistance {unknown}
 B - 3 potions of ambrosia {unknown}
 C - 2 potions of flight {unknown}
Comestibles
 f - 8 rations


   Skills:
 + Level 6.1 Fighting
 + Level 8.5 Axes
 + Level 0.1 Throwing
 + Level 5.8 Armour
 + Level 1.7 Dodging
 + Level 4.6 Stealth
 + Level 6.8 Shields


You had 8 spell levels left.
You didn't know any spells.
Your spell library was empty.

Dungeon Overview and Level Annotations

Branches:
Dungeon (8/15)             Temple (1/1) D:4
   Lair: D:8-11

Altars:
Ashenzari
Cheibriados
Dithmenos
Elyvilon
Fedhas
Gozag
Hepliaklqana
Kikubaaqudgha
Makhleb
Nemelex Xobeh
Okawaru
Qazlal
Ru
Sif Muna
Trog
Uskayaw
Vehumet
Wu Jian
Xom
Yredelemnul
Zin
The Shining One

Shops:
D:5 !


Innate Abilities, Weirdness & Mutations

You are resistant to torment.
Your stone body is resilient. (AC +6)
You are immune to poison.
You resist negative energy. (rN+)
You are resistant to electric shocks. (rElec)
You can survive without breathing.
You are immune to petrification.
You are immune to rotting.


Message History

You closely miss the two-headed ogre.
The two-headed ogre is moderately wounded.
The two-headed ogre hits you with a giant club.
You block the two-headed ogre's attack.
You slash the two-headed ogre!
The two-headed ogre is heavily wounded.
The two-headed ogre hits you but does no damage.
You block the two-headed ogre's attack.
You can now pass through a line of other dancers.
You slice the two-headed ogre!!
The two-headed ogre is severely wounded.
Your shield and chain mail prevent you from hitting the two-headed ogre.
The two-headed ogre is severely wounded.
The two-headed ogre hits you with a giant club!
The two-headed ogre hits you with a giant spiked club!
* * * LOW HITPOINT WARNING * * *
You hit the two-headed ogre.
The two-headed ogre is almost dead.
The two-headed ogre hits you with a giant club.
You die...

. .... ..... . ####
..>.. ... ###.. ......
....##...##...# ..
.........@O...########..
.......†..#####.........
########...............#
#...............#
#..#.#..........##
#..................
.....#.#..........#
#..##"..............#
..# #..............##


You could see a two-headed ogre.

Vanquished Creatures
  The ghost of Cykl0x the Chopper, a novice GrBe of Trog (D:6)
  Grinder (D:3)
  A wyvern (D:8)
  Menkaure (D:6)
  Duvessa (D:6)
  5 phantoms
  An ogre (D:5)
  2 centaurs
  Blork the orc (D:6)
  4 bullfrogs
  Dowan (D:6)
  An electric eel (D:8)
  3 killer bees (D:7)
  A crimson imp (D:6)
  2 bullfrog zombies
  A hound (D:4)
  2 bullfrog skeletons
  An orc priest (D:5)
  Crazy Yiuf (D:3)
  2 jellies (D:7)
  3 orc wizards (D:5)
  2 iguanas (D:5)
  Natasha (twice) (D:3)
  5 worker ants
  A hound skeleton (D:7)
  9 adders
  10 gnolls
  A white imp (D:8)
  An ufetubus (D:8)
  2 adder zombies (D:7)
  An ooze (D:4)
  An adder skeleton (D:5)
  An adder simulacrum (D:8)
  16 orcs
  6 giant cockroaches
  5 goblins (D:1)
  8 hobgoblins
  3 bats
  6 frilled lizards
  8 kobolds
  6 rats
130 creatures vanquished.

Notes
Turn   | Place    | Note
-------+----------+-------------------------------------------
     0 | D:1      | Cykl0x the Gargoyle Fighter began the quest for the Orb.
     0 | D:1      | Reached XP level 1. HP: 14/14 MP: 1/1
   329 | D:1      | Reached XP level 2. HP: 19/19 MP: 2/2
   359 | D:1      | Reached skill level 2 in Axes
   781 | D:2      | Reached XP level 3. HP: 22/23 MP: 3/3
  1220 | D:2      | Reached XP level 4. HP: 29/29 MP: 4/4
  1480 | D:3      | Noticed Grinder
  1495 | D:3      | Paralysed by Grinder for 2 turns
  1500 | D:3      | Paralysed by Grinder for 2 turns
  1529 | D:3      | Paralysed by Grinder for 2 turns
  1535 | D:3      | Killed Grinder
  1535 | D:3      | Reached skill level 3 in Axes
  1535 | D:3      | Reached skill level 1 in Dodging
  1535 | D:3      | Reached XP level 5. HP: 28/33 MP: 5/5
  1535 | D:3      | Reached XP level 6. HP: 32/38 MP: 6/6
  1593 | D:3      | Found a shattered altar of Ashenzari.
  1593 | D:3      | Found a glowing golden altar of the Shining One.
  1599 | D:3      | Found a sacrificial altar of Ru.
  1606 | D:3      | Found an opulent altar of Gozag.
  1607 | D:3      | Found an ornate altar of the Wu Jian Council.
  1684 | D:3      | Found a runed door.
  1688 | D:3      | Noticed Crazy Yiuf
  1692 | D:3      | Killed Crazy Yiuf
  1692 | D:3      | Reached skill level 4 in Axes
  1768 | D:3      | Found a white marble altar of Elyvilon.
  1842 | D:3      | Noticed Natasha
  1850 | D:3      | Killed Natasha
  2097 | D:3      | Noticed Natasha
  2101 | D:3      | Killed Natasha
  2249 | D:4      | Found a staircase to the Ecumenical Temple.
  2277 | Temple   | Entered the Ecumenical Temple
  2517 | Temple   | Became a worshipper of Uskayaw the Reveler
  2556 | D:4      | Noticed a phantom
  2569 | D:4      | Reached * piety under Uskayaw
  2570 | D:4      | Reached ** piety under Uskayaw
  2579 | D:4      | Killed a phantom
  2579 | D:4      | Reached XP level 7. HP: 37/44 MP: 7/7
  2595 | D:4      | Found a burning altar of Makhleb.
  2765 | D:4      | Reached skill level 5 in Axes
  2930 | D:4      | Found a glowing silver altar of Zin.
  3109 | D:5      | Entered Level 5 of the Dungeon
  3121 | D:5      | Reached *** piety under Uskayaw
  3173 | D:5      | Found Qovina's Distillery.
  3181 | D:5      | Reached skill level 1 in Stealth
  3194 | D:5      | Bought a potion of heal wounds for 55 gold pieces
  3194 | D:5      | Bought a potion of heal wounds for 55 gold pieces
  3264 | D:5      | Reached **** piety under Uskayaw
  3265 | D:5      | Reached skill level 5 in Shields
  3265 | D:5      | Reached XP level 8. HP: 42/48 MP: 8/8
  3270 | D:5      | Reached skill level 5 in Fighting
  3270 | D:5      | Reached skill level 6 in Axes
  3270 | D:5      | Reached skill level 5 in Armour
  3447 | D:5      | Found a sacrificial altar of Ru.
  3566 | D:5      | Found an iron altar of Okawaru.
  3796 | D:6      | Found a blossoming altar of Fedhas.
  3913 | D:6      | Noticed Duvessa
  3913 | D:6      | Noticed Dowan
  3932 | D:6      | Killed Dowan
  3932 | D:6      | Killed Duvessa
  4003 | D:6      | Reached skill level 7 in Axes
  4023 | D:6      | Found a blossoming altar of Fedhas.
  4023 | D:6      | Noticed Menkaure
  4031 | D:6      | Noticed Blork the orc
  4036 | D:6      | Killed Menkaure
  4036 | D:6      | Reached XP level 9. HP: 39/54 MP: 9/9
  4038 | D:6      | Killed Blork the orc
  4088 | D:6      | Found a sparkling altar of Nemelex Xobeh.
  4164 | D:6      | Found a runed door.
  4165 | D:6      | Noticed Cykl0x's ghost (novice GrBe)
  4242 | D:6      | Killed Cykl0x's ghost
  4454 | D:7      | Reached skill level 8 in Axes
  5244 | D:8      | Reached ***** piety under Uskayaw
  5325 | D:8      | Noticed a two-headed ogre
  5339 | D:8      | Slain by a two-headed ogre

Skill      XL: |  1  2  3  4  5  6  7  8  9 |
---------------+----------------------------+-----
Axes           | 2 3 4 5 7 8 |  8.5
Fighting       | 4 5 6 |  6.1
Armour         | 4 5 |  5.8
Dodging        | 1 |  1.7
Shields        | 4 5 6 |  6.8
Stealth        | 1 3 4 |  4.6
Throwing       | |  0.1

Action                   |  1- 3 |  4- 6 |  7- 9 || total
-------------------------+-------+-------+-------++-------
Melee: War axe           |   106 |    81 |   407 ||   594
Throw: Tomahawk          |       |       |     5 ||     5
Invok: Stomp             |       |       |     1 ||     1
  Use: Scroll            |     4 |     2 |     7 ||    13
       Potion            |       |     1 |       ||     1
 Stab: Paralysed         |       |       |    24 ||    24
  Eat: Chunk             |     1 |     2 |     3 ||     6
       Ration            |       |     1 |     2 ||     3
Armor: Scale mail        |    67 |    23 |       ||    90
       Chain mail        |       |    19 |   273 ||   292
Dodge: Dodged            |    47 |    25 |   111 ||   183
Block: Shield            |    62 |    31 |   222 ||   315
